 Dungeon Crawl Stone Soup version 0.29.1-14-g9c671dbff4 (webtiles) character file.

Game seed: 12413095011873034619

710 cdecastro the Cleaver (level 7, -2/62 HPs)
             Began as a Hill Orc Fighter on Feb 14, 2023.
             Was an Initiate of Ru.
             Succumbed to Sigmund's poison
             ... on level 5 of the Dungeon.
             The game lasted 00:05:49 (5394 turns).

cdecastro the Cleaver (Hill Orc Fighter)            Turns: 5394, Time: 00:05:50

Health: -2/62      AC:  9    Str: 21    XL:     7   Next: 68%
Magic:  7/7        EV:  9    Int:  8    God:    Ru [......]
Gold:   102        SH:  0    Dex: 10    Spells: 6/6 levels left

rFire   . . .      SeeInvis .   a - +0 war axe
rCold   . . .      Faith    .   (no shield)
rNeg    . . .      Spirit   .   b - +0 scale mail
rPois   .          Reflect  .   (no helmet)
rElec   .          Harm     .   l - +0 cloak
rCorr   .          Rampage  .   o - +0 pair of gloves
Will    +....                   (no boots)
Stlth   ..........              (no amulet)
HPRegen 0.20/turn               e - ring of willpower
MPRegen 0.10/turn               (no ring)

@: lethally poisoned (-2 -> -15)
A: no striking features
a: Renounce Religion


You were on level 5 of the Dungeon.
You worshipped Ru.
Ru was noncommittal.
You visited 1 branch of the dungeon, and saw 5 of its levels.

You collected 190 gold pieces.
You spent 88 gold pieces at shops.

Inventory:

Hand Weapons
 a - a +0 war axe (weapon)
 d - a +2 vorpal flail
Missiles
 q - 2 curare-tipped darts (quivered)
 v - a silver boomerang
 x - 3 boomerangs
Armour
 b - a +0 scale mail (worn)
 c - a +0 buckler
 j - a scarf of resistance
 l - a +0 cloak (worn)
 o - a +0 pair of gloves (worn)
Magical Staves
 s - a staff of death
Jewellery
 e - a ring of willpower (left hand)
Scrolls
 g - 3 scrolls of teleportation {unknown}
 k - a scroll of butterflies
 n - a scroll of blinking
 p - 2 scrolls of poison
 w - a scroll of torment
 y - a scroll of noise
Potions
 h - 2 potions of brilliance
 i - a potion of heal wounds
 m - a potion of berserk rage
 r - 3 potions of attraction
 t - 3 potions of cancellation
 u - a potion of might
 z - 3 potions of flight
 A - a potion of curing


   Skills:
 + Level 5.6 Fighting
 - Level 10.0 Axes
 - Level 3.2 Armour
 - Level 3.2 Shields


You had 6 spell levels left.
You didn't know any spells.
Your spell library contained the following spells:

 Spells                   Type           Power      Damage    Failure   Level
 Dazzling Flash           Conj/Hex       0%         N/A       98%         3
 Iskenderun's Mystic Bla  Conj/Tloc      0%         2d3       100%        4
 Starburst                Conj/Fire      0%         6d3       100%        6


Dungeon Overview and Level Annotations

Branches:
Dungeon (5/15)
 Temple: D:4-7

Altars:
Gozag
Nemelex Xobeh
Ru
Trog

Shops:
D:4 *   D:5 *

Annotations:
D:5 Sigmund


Message History

Sigmund hits you with a +2 scythe of venom!
You are more poisoned.
You closely miss Sigmund.
Sigmund is heavily wounded.
You feel very sick.
You hit Sigmund.
Sigmund is severely wounded.
You feel very sick. Sigmund hits you but does no damage.
You are more poisoned.
You barely miss Sigmund.
Sigmund is severely wounded.
You feel very sick.
Sigmund casts a spell.
Sigmund flickers and vanishes!
Deactivating autopickup; reactivate with Ctrl-A.
You closely miss something.
You feel very sick.
You hear some strange, mumbled words.
Something tries to affect you, but you resist.
You closely miss something.
You feel sick. Something hits you but does no damage.
You are more poisoned.
You closely miss something.
You feel very sick.
You miss something. Your punch misses something.
You feel very sick. Something hits you.
* * * LOW HITPOINT WARNING * * *
You are lethally poisoned!
You hit something.
* * * LOW HITPOINT WARNING * * *
You feel very sick. Something hits you!
* * * LOW HITPOINT WARNING * * *
You miss something.
* * * LOW HITPOINT WARNING * * *
You feel very sick.
You closely miss something.
You die...

##.. #.# #..# #.#
###########..# #.#
.##....##?...# ...
.......##....# #.#
##:.#...#....###.#
##..#{.....@.##.#
#......####..#.####.#
#.#.#...# ##.#@.....#
#?#...#.# #.{..#####
##......#.# ##...#
....##..#.# ####..#
###.##..#...#.....######..
#.##...##...##...(.....#
#. ##..#.........###
#.####....####.#...####
#........# #.###....#


There were no monsters in sight!

Vanquished Creatures
  Prince Ribbit (D:5)
  An ogre (D:5)
  A hound (D:5)
  An orc priest (D:4)
  Jessica (D:3)
  2 iguanas
  Terence (D:2)
  Natasha (thrice) (D:2)
  An orc wizard (D:4)
  4 gnolls (D:2)
  2 adders (D:2)
  A white imp (D:5)
  An ufetubus (D:4)
  3 worms
  3 dart slugs
  12 orcs
  7 endoplasms
  3 giant cockroaches
  7 hobgoblins
  5 kobolds
  6 quokkas
  5 ball pythons
  11 bats
  4 goblins
  5 rats
91 creatures vanquished.

Notes
Turn   | Place    | Note
-------+----------+-------------------------------------------
     0 | D:1      | cdecastro the Hill Orc Fighter began the quest for the Orb.
     0 | D:1      | Reached XP level 1. HP: 19/19 MP: 1/1
    56 | D:1      | Reached skill level 3 in Axes
   441 | D:1      | Reached XP level 2. HP: 7/26 MP: 2/2
   446 | D:1      | Reached skill level 4 in Axes
   995 | D:1      | Reached XP level 3. HP: 29/31 MP: 3/3
  1589 | D:2      | Reached skill level 5 in Axes
  1746 | D:2      | Noticed Natasha
  1758 | D:2      | HP: 1/31 [Natasha (1)]
  1759 | D:2      | Killed Natasha
  1760 | D:2      | Reached XP level 4. HP: 1/39 MP: 4/4
  2203 | D:2      | Noticed Natasha
  2211 | D:2      | Reached skill level 6 in Axes
  2212 | D:2      | Killed Natasha
  2308 | D:2      | Found a faded altar of an unknown god.
  2393 | D:2      | Noticed Terence
  2396 | D:2      | Killed Terence
  2397 | D:2      | Reached XP level 5. HP: 34/45 MP: 5/5
  2473 | D:2      | Noticed Natasha
  2480 | D:2      | Killed Natasha
  2481 | D:2      | Reached skill level 7 in Axes
  3001 | D:3      | Noticed Jessica
  3016 | D:3      | Killed Jessica
  3017 | D:3      | Reached skill level 8 in Axes
  3017 | D:3      | Reached XP level 6. HP: 47/51 MP: 6/6
  4256 | D:4      | Identified the +2 leather armour of the Learner {Str+4
                  | Int-3 SInv Stlth+}
  4413 | D:4      | Found an opulent altar of Gozag.
  4413 | D:4      | Found Gozag's Platinum Reserve.
  4442 | D:4      | Found a sacrificial altar of Ru.
  4490 | D:4      | Reached skill level 9 in Axes
  4594 | D:4      | Found a bloodstained altar of Trog.
  4915 | D:4      | Became a worshipper of Ru the Awakened
  4933 | D:5      | Entered Level 5 of the Dungeon
  4971 | D:5      | Reached XP level 7. HP: 33/57 MP: 7/7
  5148 | D:5      | Found Raeb's General Store.
  5181 | D:5      | Bought a scroll of noise for 11 gold pieces
  5181 | D:5      | Bought a potion of curing for 33 gold pieces
  5181 | D:5      | Bought a scroll of poison for 44 gold pieces
  5205 | D:5      | Reached skill level 10 in Axes
  5211 | D:5      | Found a sparkling altar of Nemelex Xobeh.
  5228 | D:5      | Noticed Prince Ribbit
  5239 | D:5      | Noticed Sigmund
  5251 | D:5      | Killed Prince Ribbit
  5252 | D:5      | Reached skill level 5 in Fighting
  5393 | D:5      | HP: 1/62 [poisoned by Sigmund]
  5394 | D:5      | Succumbed to Sigmund's poison

Illustrated notes

Levels and vault maps discovered:
D:1:      lightli_arrival_windingriver, layout_loops_corners, minmay_misc_feat_x
D:2:      layout_loops_ring, shapermc_ecumenical_altar_mp_highgroup,
          uniq_natasha, uniq_terence
D:3:      layout_loops_ring, minmay_splitting_lines, uniq_jessica
D:4:      layout_cave_pods, nicolae_gozag_zags_fifth_avenue,
          nicolae_overflow_crystal_walls, bloody_trog
D:5:      layout_rooms, lemuel_blue_sif_altar, mainiacjoe_overflow_catwalk,
          serial_shops, shop, uniq_prince_ribbit1, uniq_sigmund

Skill      XL: |  1  2  3  4  5  6  7 |
---------------+----------------------+-----
Axes           | 3 4 5 6 8 9 10 | 10.0
Fighting       | 5 |  5.6
Armour         | |  3.2
Shields        | |  3.2

Action                   |  1- 3 |  4- 6 |  7- 9 || total
-------------------------+-------+-------+-------++-------
Melee: War axe           |    97 |   153 |    30 ||   280
       Punch             |     1 |       |       ||     1
  Use: Potion            |       |     1 |       ||     1
       Scroll            |       |       |     9 ||     9
Armor: Scale mail        |    55 |    57 |     7 ||   119
Dodge: Dodged            |    47 |    77 |    10 ||   134
